 Dungeon Sprint DCSS version 0.22-a0-429-g97ce8ef721 (webtiles) character file.

51333 FleetwoodCentaur the Slayer (level 14, -33/188 HPs)
             Began as an Ogre Berserker on May 25, 2018.
             Was the Champion of Trog.
             Blown up by a great orb of eyes (43 damage)
             ... with a disintegration bolt
             ... in the Dungeon (Sprint IX: "|||||||||||||||||||||||||||||").
             The game lasted 00:09:45 (4977 turns).

FleetwoodCentaur the Slayer (Ogre Berserker)        Turns: 4977, Time: 00:09:45

Health: -33/188    AC: 16    Str: 28      XL:     14   Next: 59%
Magic:  14/14      EV: 14    Int: 12      God:    Trog [******]
Gold:   567        SH:  0    Dex:  4 (5)  Spells: 13/13 levels left

rFire    . . .     SeeInvis .   C - +12 giant club "Ergher" {crush, rElec rPois rC++ Dex-3}
rCold    + + +     Gourm    .   (shield currently unavailable)
rNeg     + . .     Faith    .   P - +0 acid dragon scales
rPois    +         Spirit   .   z - +2 hat
rElec    +         Reflect  .   o - +0 cloak
rCorr    +         Harm     .   (gloves unavailable)
MR       .....     NoTele   +   (boots unavailable)
Stlth    ..........             (no amulet)
HPRegen  0.41/turn              q - +2 ring of evasion
MPRegen  0.14/turn              E - ring of Piadapod {rElec rC+ rN+ MR- Int+4}

@: no status effects
A: large, unfitting armour, molten scales 2, deterioration 1, tough skin 1, wild
magic 1
a: Berserk, Trog's Hand, Brothers in Arms, Renounce Religion


You were in the Dungeon.
You worshipped Trog.
Trog was exalted by your worship.
You were very hungry.

You visited 1 branch You collected 1912 gold pieces.
You spent 1345 gold pieces at shops.

Inventory:

Hand Weapons
 C - the +12 giant club "Ergher" (weapon) {crush, rElec rPois rC++ Dex-3}
   (Trog gifted it to you in the Dungeon)

   It inflicts extra damage upon your enemies.
   It affects your dexterity (-3).
   It greatly protects you from cold.
   It insulates you from electricity.
   It protects you from poison.
Missiles
 r - 4 javelins of returning
 A - 12 large rocks (quivered)
 K - a javelin of penetration
Armour
 b - a +0 animal skin
 o - a +0 cloak (worn)
 z - a +2 hat (worn)
 P - +0 acid dragon scales (worn)
Jewellery
 p - a +3 ring of strength
 q - a +2 ring of evasion (left hand)
 u - an uncursed ring of protection from magic
 E - the ring of Piadapod (right hand) {rElec rC+ rN+ MR- Int+4}
   (You bought it in a shop in the Dungeon)

   [ring of positive energy]

   It affects your intelligence (+4).
   It protects you from cold.
   It insulates you from electricity.
   It protects you from negative energy.
   It affects your resistance to hostile enchantments.
 M - an uncursed ring of ice
 N - an uncursed ring of ice
 O - an uncursed ring of ice
Wands
 m - a wand of acid (10)
 H - a wand of disintegration (9)
Scrolls
 i - 3 scrolls of blinking
 l - 4 scrolls of remove curse
 v - 5 scrolls of enchant armour
 w - a scroll of fog
 x - 4 scrolls of enchant weapon
 y - a scroll of identify
 D - a scroll of fear
Potions
 d - 9 potions of curing
 e - 3 potions of heal wounds
 f - 2 potions of haste
 g - 4 potions of magic
 h - 2 potions of berserk rage
 j - a potion of invisibility
 s - 2 potions of brilliance
 I - a potion of lignification {unknown}
 J - a potion of flight {unknown}
 Q - 2 potions of agility
 R - 2 potions of resistance
Comestibles
 c - 19 rations


   Skills:
 + Level 24.2 Fighting
 + Level 20.8 Maces & Flails
 + Level 14.3 Throwing
 * Level 12.2 Armour
 + Level 13.4 Dodging


You had 13 spell levels left.
You didn't know any spells.
Your spell library was empty.

Dungeon Overview and Level Annotations

Branches:
Dungeon (1/1)

Altars:
Cheibriados
Dithmenos
Elyvilon
Fedhas
Gozag
Hepliaklqana
Kikubaaqudgha
Makhleb
Nemelex Xobeh
Okawaru
Qazlal
Ru
Sif Muna
Trog
Uskayaw
Vehumet
Wu Jian
Xom
Yredelemnul
Zin
The Shining One
Beogh
Jiyva
Lugonu

Shops:
D =*}


Innate Abilities, Weirdness & Mutations

You are too large for most types of armour.
You have tough skin. (AC +1)
You are mostly covered in molten scales. (AC +3)
Your body sometimes deteriorates upon taking damage.
Your spells are a little harder to cast, but a little more powerful.


Message History

There isn't anything to butcher here.
Throwing (i - inventory. (/) - cycle)
A - 14 large rocks (quivered)
Press: ? - help, Shift-Dir - straight line, f - great orb of eyes
Aim: a great orb of eyes You throw a large rock.
The large rock hits the great orb of eyes!!
The great orb of eyes is moderately wounded.
The great orb of eyes gazes at you.
You are blasted!
* * * LOW HITPOINT WARNING * * *
Your body deteriorates!
You feel clumsy.
Throwing (i - inventory. (/) - cycle)
A - 13 large rocks (quivered)
Press: ? - help, Shift-Dir - straight line, f/p - great orb of eyes
Aim: a great orb of eyes (moderately wounded)
You throw a large rock.
The large rock hits the great orb of eyes!!
The great orb of eyes is heavily wounded.
The great orb of eyes gazes at you.
You are blasted!
You die...

...[[[.[[[[.)))))))).=...'.......
▓▓▓▓▓▓▓▓▓▓▓▓▓▓▓▓▓▓▓▓▓▓▓▓▓▓▓▓▓▓▓▓▓
.................................
▓▓▓▓▓▓▓▓▓▓▓▓▓▓▓▓▓▓▓▓▓▓▓▓▓▓▓▓▓▓▓▓▓
.......).†....)))))'.............
▓▓▓▓▓▓▓▓▓▓▓▓▓▓▓▓▓▓▓▓▓▓▓▓▓▓▓▓▓▓▓▓▓
.................)...............
▓▓▓▓▓▓▓▓▓▓▓▓▓▓▓▓▓▓▓▓▓▓▓▓▓▓▓▓▓▓▓▓▓
..(..(G))((@(.(.............
▓▓▓▓▓▓▓▓▓▓▓▓▓▓▓▓▓▓▓▓▓▓▓▓▓▓▓▓


You could see a great orb of eyes.

Vanquished Creatures
  Gastronok (D)
  A nagaraja (D)
  Donald (D)
  A stone giant (D)
  A very ugly thing (D)
  An ettin (D)
  A fire dragon (D)
  A yaktaur captain (D)
  Erolcha (D)
  2 rakshasas (D)
  2 great orbs of eyes (D)
  A ghost crab (D)
  2 ice dragons (D)
  A centaur warrior (D)
  3 hydras (D)
  Harold (D)
  6 death yaks (D)
  A merfolk avatar (D)
  A deep troll shaman (D)
  An ogre mage (D)
  3 tengu warriors (D)
  A two-headed ogre (D)
  2 alligators (D)
  A vampire mage (D)
  3 orc high priests (D)
  A shock serpent (D)
  Urug (D)
  A naga ritualist (D)
  A sea snake (D)
  A spriggan druid (D)
  2 glowing orange brains (D)
  8 orc knights (D)
  A deep elf mage (D)
  An orb spider (D)
  A salamander (D)
  A wolf spider (D)
  3 ugly things (D)
  2 water nymphs (D)
  2 black mambas (D)
  2 naga magi (D)
  A guardian serpent (D)
  Maurice (D)
  Joseph (D)
  A torpor snail (D)
  A spiny frog (D)
  A gargoyle (D)
  5 komodo dragons (D)
  An efreet (D)
  A yaktaur (D)
  A merfolk (D)
  3 demonic crawlers (D)
  A blink frog (D)
  A polar bear (D)
  2 hornets (D)
  2 hippogriffs (D)
  A hornet (shapeshifter) (D)
  2 snapping turtles (D)
  A tarantella (D)
  A water elemental (D)
  A redback (D)
  4 yaks (D)
  Eustachio (D)
  2 insubstantial wisps (D)
  2 water moccasins (D)
  8 orc warriors (D)
  2 porcupines (D)
  A swamp drake (D)
  An eye of draining (D)
  An ogre (D)
  A crocodile (D)
  A centaur (D)
  3 bullfrogs (D)
  A scorpion (D)
  2 crimson imps (D)
  A quasit (D)
  2 orc priests (D)
  An iguana (D)
  An adder (D)
  An orc (D)
  A bat skeleton (D)
  A bat zombie (D)
  3 hobgoblins (D)
  A jackal skeleton (D)
  2 rats (D)
141 creatures vanquished.

Vanquished Creatures (collateral kills)
  A rakshasa (D)
  3 orc high priests (D)
  An orc knight (D)
  An orc sorcerer (D)
  3 orc warriors (D)
  2 orc priests (D)
  2 orc wizards (D)
  6 orcs (D)
19 creatures vanquished.

Vanquished Creatures (others)
  A wizard (D)
1 creature vanquished.

Grand Total: 161 creatures vanquished

Notes
Turn   | Place    | Note
-------+----------+-------------------------------------------
     0 | D        | FleetwoodCentaur the Ogre Berserker began the quest for the Orb.
     0 | D        | Reached XP level 1. HP: 24/24 MP: 1/1
     8 | D        | Reached ** piety under Trog
   177 | D        | Noticed an ogre
   177 | D        | Noticed an iguana
   177 | D        | Noticed a centaur
   180 | D        | Reached XP level 2. HP: 32/32 MP: 2/2
   184 | D        | Killed a centaur
   184 | D        | Reached *** piety under Trog
   184 | D        | Reached XP level 3. HP: 39/39 MP: 3/3
   184 | D        | Reached XP level 4. HP: 48/48 MP: 4/4
   191 | D        | Killed an ogre
   191 | D        | Reached skill level 10 in Maces & Flails
   191 | D        | Reached XP level 5. HP: 13/54 MP: 5/5
   432 | D        | Found a roughly hewn altar of Beogh.
   432 | D        | Found a snail-covered altar of Cheibriados.
   432 | D        | Found a shadowy altar of Dithmenos.
   432 | D        | Found a white marble altar of Elyvilon.
   432 | D        | Found a blossoming altar of Fedhas.
   432 | D        | Found an opulent altar of Gozag.
   433 | D        | Found a hazy altar of Hepliaklqana.
   434 | D        | Found a viscous altar of Jiyva.
   435 | D        | Found an ancient bone altar of Kikubaaqudgha.
   436 | D        | Found a corrupted altar of Lugonu.
   437 | D        | Found a burning altar of Makhleb.
   438 | D        | Found a sparkling altar of Nemelex Xobeh.
   439 | D        | Found an iron altar of Okawaru.
   440 | D        | Found a stormy altar of Qazlal.
   441 | D        | Found a sacrificial altar of Ru.
   442 | D        | Found a deep blue altar of Sif Muna.
   443 | D        | Found a bloodstained altar of Trog.
   444 | D        | Found a hide-covered altar of Uskayaw.
   445 | D        | Found a radiant altar of Vehumet.
   446 | D        | Found an ornate altar of the Wu Jian Council.
   447 | D        | Found a shimmering altar of Xom.
   448 | D        | Found a basalt altar of Yredelemnul.
   449 | D        | Found a glowing silver altar of Zin.
   450 | D        | Found a glowing golden altar of the Shining One.
   484 | D        | Noticed a two-headed ogre
   484 | D        | Noticed an eye of draining
   487 | D        | Killed an eye of draining
   487 | D        | Reached **** piety under Trog
   487 | D        | Reached skill level 5 in Fighting
   487 | D        | Reached XP level 6. HP: 66/66 MP: 0/6
   492 | D        | Killed a two-headed ogre
   492 | D        | Received a gift from Trog
   492 | D        | Reached skill level 9 in Fighting
   492 | D        | Reached skill level 5 in Throwing
   492 | D        | Reached XP level 7. HP: 83/83 MP: 0/7
   492 | D        | Reached XP level 8. HP: 92/92 MP: 0/8
   500 | D        | Reached ***** piety under Trog
   589 | D        | Noticed a deep elf mage
   589 | D        | Noticed a cyan ugly thing
   597 | D        | Received a gift from Trog
   607 | D        | Killed a cyan ugly thing
   607 | D        | Reached skill level 10 in Fighting
   613 | D        | Killed a deep elf mage
   613 | D        | Reached skill level 11 in Fighting
   613 | D        | Reached XP level 9. HP: 34/105 MP: 9/9
   955 | D        | Gained mutation: You are partially covered in molten scales. (AC +2) [potion of mutation]
   955 | D        | Gained mutation: You are mostly covered in molten scales. (AC +3) [potion of mutation]
   955 | D        | Gained mutation: Your body sometimes deteriorates upon taking damage. [potion of mutation]
   955 | D        | Gained mutation: Your spells are a little harder to cast, but a little more powerful. [potion of mutation]
   975 | D        | Noticed a komodo dragon
   975 | D        | Noticed a komodo dragon
   975 | D        | Noticed a spiny frog
   978 | D        | Killed a spiny frog
   993 | D        | Killed a komodo dragon
   993 | D        | Received a gift from Trog
   993 | D        | Reached skill level 12 in Fighting
   996 | D        | Killed a komodo dragon
  1002 | D        | Reached skill level 15 in Maces & Flails
  1002 | D        | Reached XP level 10. HP: 117/117 MP: 3/10
  1006 | D        | Noticed a torpor snail
  1022 | D        | Killed a torpor snail
  1022 | D        | Reached ****** piety under Trog
  1247 | D        | Noticed a death yak
  1251 | D        | Received a gift from Trog
  1251 | D        | Reached skill level 13 in Fighting
  1256 | D        | Noticed an eight-headed hydra
  1261 | D        | Received a gift from Trog
  1268 | D        | Killed a death yak
  1269 | D        | Reached skill level 10 in Throwing
  1276 | D        | Received a gift from Trog
  1281 | D        | Reached skill level 14 in Fighting
  1285 | D        | Killed an eight-headed hydra
  1285 | D        | Received a gift from Trog
  1290 | D        | Reached XP level 11. HP: 83/131 MP: 3/11
  1441 | D        | Noticed a death yak
  1441 | D        | Noticed a death yak
  1441 | D        | Noticed a death yak
  1441 | D        | Noticed a death yak
  1444 | D        | Noticed a death yak
  1451 | D        | Reached skill level 1 in Armour
  1457 | D        | Killed a death yak
  1457 | D        | Reached skill level 15 in Fighting
  1461 | D        | Killed a death yak
  1467 | D        | Killed a death yak
  1471 | D        | Killed a death yak
  1471 | D        | Reached skill level 10 in Dodging
  1483 | D        | Killed a death yak
  1483 | D        | Received a gift from Trog
  1483 | D        | Reached skill level 16 in Fighting
  1489 | D        | Got a brightly glowing giant club {god gift}
  1490 | D        | Identified the +12 giant club "Ergher" {crush, rElec rPois rC++ Dex-3} (Trog gifted it to you in the Dungeon)
  1769 | D        | Noticed Erolcha
  1775 | D        | Killed Erolcha
  1778 | D        | Noticed Gastronok
  1788 | D        | Killed Gastronok
  1788 | D        | Reached skill level 17 in Fighting
  1788 | D        | Reached skill level 5 in Armour
  1811 | D        | Noticed Joseph
  1820 | D        | Killed Joseph
  1917 | D        | Noticed an orc sorcerer
  1922 | D        | Received a gift from Trog
  1929 | D        | Killed an orc sorcerer
  1931 | D        | Received a gift from Trog
  1945 | D        | Received a gift from Trog
  1970 | D        | Reached XP level 12. HP: 100/148 MP: 12/12
  2128 | D        | Noticed an orc high priest
  2145 | D        | Killed an orc high priest
  2153 | D        | Received a gift from Trog
  2161 | D        | Reached skill level 18 in Fighting
  2187 | D        | Got a transparent giant spiked club {god gift}
  2196 | D        | Identified the +7 giant spiked club of Polytheism {freeze, Int+9} (Trog gifted it to you in the Dungeon)
  2413 | D        | Found Micew's Gadget Boutique.
  2413 | D        | Noticed an orc high priest
  2417 | D        | Received a gift from Trog
  2418 | D        | Noticed an orc high priest
  2420 | D        | Noticed an orc high priest
  2421 | D        | Received a gift from Trog
  2422 | D        | Found Xied's Food Shop.
  2422 | D        | Noticed an orc high priest
  2429 | D        | Found Puntea Ekoa's General Store.
  2431 | D        | Killed an orc high priest
  2434 | D        | Killed an orc high priest
  2434 | D        | Reached skill level 19 in Fighting
  2435 | D        | Found Suinewif's Jewellery Shop.
  2440 | D        | Killed an orc high priest
  2442 | D        | Killed an orc high priest
  2450 | D        | Noticed an orc high priest
  2454 | D        | Noticed a sun demon
  2456 | D        | Received a gift from Trog
  2467 | D        | Killed an orc high priest
  2467 | D        | Received a gift from Trog
  2468 | D        | Got a translucent giant spiked club {god gift}
  2843 | D        | Bought a ration for 55 gold pieces
  2843 | D        | Bought a ration for 55 gold pieces
  2843 | D        | Bought a ration for 55 gold pieces
  2843 | D        | Bought a ration for 55 gold pieces
  2843 | D        | Bought a ration for 55 gold pieces
  2843 | D        | Bought a ration for 55 gold pieces
  2843 | D        | Bought a ration for 55 gold pieces
  2843 | D        | Bought a ration for 55 gold pieces
  2843 | D        | Bought a ration for 55 gold pieces
  2843 | D        | Bought a ration for 55 gold pieces
  2843 | D        | Bought a ration for 55 gold pieces
  2845 | D        | Bought a potion of curing for 36 gold pieces
  2845 | D        | Bought a scroll of enchant armour for 90 gold pieces
  2845 | D        | Bought 2 potions of curing for 72 gold pieces
  2847 | D        | Bought the ring of Piadapod {rElec rC+ rN+ MR- Int+4} for 542 gold pieces
  2869 | D        | Noticed Maurice
  2870 | D        | Noticed Urug
  2878 | D        | Killed Urug
  2884 | D        | Killed Maurice
  3046 | D        | Noticed Eustachio
  3052 | D        | Killed Eustachio
  3052 | D        | Received a gift from Trog
  3052 | D        | Reached skill level 20 in Fighting
  3191 | D        | Received a gift from Trog
  3191 | D        | Noticed a centaur warrior
  3200 | D        | Killed a centaur warrior
  3205 | D        | Reached XP level 13. HP: 112/166 MP: 13/13
  3233 | D        | Noticed a white very ugly thing
  3240 | D        | Killed a white very ugly thing
  3507 | D        | Noticed a nagaraja
  3509 | D        | Reached skill level 21 in Fighting
  3509 | D        | Received a gift from Trog
  3515 | D        | Killed a nagaraja
  3515 | D        | Received a gift from Trog
  3526 | D        | HP: 3/169 [naga mage/orb of energy (24)]
  3529 | D        | Received a gift from Trog
  3535 | D        | Got a translucent dire flail {god gift}
  3555 | D        | Identified the +5 giant spiked club "Caskuwko" {drain, *Drain rF+++ Dex-2 SInv} (Trog gifted it to you in the Dungeon)
  3556 | D        | Identified the +3 dire flail of Kynyjeso {antimagic, rC+ Dex+2} (Trog gifted it to you in the Dungeon)
  3956 | D        | Reached skill level 10 in Armour
  3974 | D        | Received a gift from Trog
  4044 | D        | Received a gift from Trog
  4054 | D        | Reached skill level 22 in Fighting
  4222 | D        | Received a gift from Trog
  4235 | D        | Reached XP level 14. HP: 111/183 MP: 14/14
  4243 | D        | HP: 7/183 [alligator (16)]
  4245 | D        | Received a gift from Trog
  4698 | D        | Noticed Harold
  4707 | D        | Killed Harold
  4825 | D        | Noticed Donald
  4829 | D        | Killed Donald
  4868 | D        | Received a gift from Trog
  4871 | D        | Received a gift from Trog
  4871 | D        | Reached skill level 23 in Fighting
  4909 | D        | Received a gift from Trog
  4909 | D        | Noticed a stone giant
  4926 | D        | Killed a stone giant
  4928 | D        | Reached skill level 24 in Fighting
  4945 | D        | Received a gift from Trog
  4976 | D        | HP: 9/188 [disintegration (19)]
  4977 | D        | Blown up by a great orb of eyes

Vault maps used:
D:        linesprint

Skill      XL: |  1  2  3  4  5  6  7  8  9 10 11 12 13 14 |
---------------+-------------------------------------------+-----
Maces & Flails | 4 8 10 11 12 13 15 16 17 19 20 | 20.8
Fighting       | 5 9 11 12 14 17 20 22 24 | 24.2
Throwing       | 2 5 7 8 10 14 | 14.3
Dodging        | 3 6 7 8 9 10 11 12 13 | 13.4
Armour         | 5 8 10 12 | 12.2

Action                   |  1- 3 |  4- 6 |  7- 9 | 10-12 | 13-15 || total
-------------------------+-------+-------+-------+-------+-------++-------
Melee: Mace              |    19 |     8 |       |       |       ||    27
       Morningstar       |       |     6 |    28 |       |       ||    34
       Dire flail        |       |       |    25 |    94 |       ||   119
       Giant club        |       |       |       |    82 |   148 ||   230
Throw: Javelin           |       |       |       |    27 |    27 ||    54
       Large rock        |       |       |       |       |     3 ||     3
Invok: Berserk           |     1 |     1 |     2 |     4 |     4 ||    12
       Brothers in Arms  |       |       |       |     4 |     1 ||     5
       Trog's Hand       |       |       |       |     1 |     3 ||     4
  Use: Potion            |       |       |     1 |     2 |     2 ||     5
       Scroll            |       |       |       |     1 |       ||     1
  Eat: Chunk             |       |       |     2 |    13 |     2 ||    17
       Ration            |       |       |       |     1 |     2 ||     3
Armor: Animal skin       |     4 |       |     8 |    11 |       ||    23
       Acid dragon scale |       |       |       |       |    67 ||    67
Dodge: Dodged            |     4 |     2 |    19 |    64 |    88 ||   177

Table legend:
 A = Spawn XP
 B = Non-spawn XP
 C = Spawn XP percentage of total XP
 D = Spawn monster count
 E = Non-spawn monster count
 F = Spawn count percentage of total count
 G = Total turns spent on level
                    A         B        C        D         E        F      G
               +---------+---------+-------+---------+---------+-------+---------
         Total |       0 |   73334 |   0.0 |       0 |     160 |   0.0 |  4977
               +---------+---------+-------+---------+---------+-------+---------
             D |       0 |   73334 |   0.0 |       0 |     160 |   0.0 |  4977
               +---------+---------+-------+---------+---------+-------+---------
